 Dungeon Crawl Stone Soup version 0.29.1-2-gbd0b4ee654 (webtiles) character file.

Game seed: 16099522014816263688

4019 xian the Covert (level 10, -2/49 HPs)
             Began as a Vine Stalker Enchanter on Nov 12, 2022.
             Was an Initiate of Gozag.
             Slain by a gnoll
             ... wielding a +0 halberd
             ... led by a gnoll sergeant
              (6 damage)
             ... on level 8 of the Dungeon.
             The game lasted 00:26:24 (7648 turns).

xian the Covert (Vine Stalker Enchanter)            Turns: 7648, Time: 00:26:25

Health: -2/49      AC:  8    Str: 12    XL:     10   Next: 23%
Magic:  0/17       EV: 16    Int: 22    God:    Gozag
Gold:   211        SH:  0    Dex: 20    Spells: 9/17 levels left

rFire   . . .      SeeInvis .   A - +1 dagger (venom)
rCold   . . .      Faith    .   (no shield)
rNeg    . . .      Spirit   +   D - +2 robe {Will+}
rPois   .          Reflect  .   C - +2 helmet {Int+3}
rElec   .          Harm     .   g - scarf {+Inv}
rCorr   .          Rampage  .   n - +0 pair of gloves
Will    ++...                   (no boots)
Stlth   +++++.....              (no amulet)
HPRegen 0.96/turn               d - +6 ring of dexterity
MPRegen 0.15/turn               (no ring)

@: lethally poisoned (-2 -> -2), gold aura
A: fangs 3, regeneration 1, magic shield, antimagic bite, no potion heal 2
a: Renounce Religion, Evoke Invisibility, Potion Petition, Call Merchant, Bribe
Branch


You were on level 8 of the Dungeon.
You worshipped Gozag.
Gozag was aware of your devotion.
You visited 2 branches of the dungeon, and saw 9 of its levels.

You collected 314 gold pieces.
You paid 103 gold pieces to Gozag.

Inventory:

Hand Weapons
 w - the +2 mace of Dim Light {flame, Int+4}
   (You found it on level 3 of the Dungeon)

   It burns those it strikes, dealing additional fire damage.
   Int:       It affects your intelligence (+4).
 A - a +1 dagger of venom (weapon)
Missiles
 f - 5 boomerangs
 o - 16 poisoned darts
 p - 2 atropa-tipped darts
Armour
 g - a scarf of invisibility (worn)
 n - a +0 pair of gloves (worn)
 C - a +2 helmet of intelligence (worn)
 D - a +2 robe of willpower (worn)
Magical Staves
 k - a staff of air
Jewellery
 d - a +6 ring of dexterity (left hand)
 F - an amulet of reflection
Wands
 a - a wand of acid (7)
 b - a wand of paralysis (8)
 s - a wand of flame (33)
 B - a wand of roots (6)
Scrolls
 e - 4 scrolls of immolation
 h - a scroll of summoning
 i - a scroll of amnesia
 j - a scroll of brand weapon
 l - 2 scrolls of enchant armour
 m - a scroll of blinking
 r - 2 scrolls of teleportation
 y - 2 scrolls of fog
 E - a scroll of fear
Potions
 c - a potion of invisibility
 q - a potion of resistance {unknown}
 t - a potion of lignification
 u - a potion of haste
 v - a potion of mutation
 x - 2 potions of heal wounds {unknown}
 z - 2 potions of flight {unknown}
 G - a potion of might {unknown}


   Skills:
 + Level 4.1 Fighting
 + Level 6.0 Short Blades
 + Level 5.9 Dodging
 + Level 10.3 Stealth
 + Level 4.3 Spellcasting
 + Level 5.0 Hexes
 + Level 3.2 Ice Magic


You had 9 spell levels left.
You knew the following spells:

 Your Spells              Type           Power      Damage    Failure   Level
a - Ensorcelled Hibernat  Hex/Ice        46%        N/A       3%          2
b - Confusing Touch       Hex            26%        N/A       4%          3
c - Tukima's Dance        Hex            26%        N/A       4%          3

Your spell library contained the following spells:

 Spells                   Type           Power      Damage    Failure   Level
 Dazzling Flash           Conj/Hex       30%        N/A       12%         3
 Stone Arrow              Conj/Erth      8%         3d7       32%         3
 Animate Armour           Summ/Erth      8%         N/A       71%         4
 Lehudib's Crystal Spear  Conj/Erth      2%         10d2      100%        8


Dungeon Overview and Level Annotations

Branches:
Dungeon (8/15)             Temple (1/1) D:7
   Lair: D:8-11

Altars:
Ashenzari
Cheibriados
Elyvilon
Gozag
Kikubaaqudgha
Makhleb
Nemelex Xobeh
Okawaru
Qazlal
Ru
Sif Muna
Trog
Vehumet
Wu Jian
Yredelemnul
Zin
The Shining One

Shops:
D:5 =

Annotations:
D:4 3 runed translucent doors, retardedninja's ghost, novice HOFi


Innate Abilities, Weirdness & Mutations

You have razor-sharp teeth.
Your natural rate of healing is unusually fast.
When hurt, damage is shared between your health and your magic reserves.
Your bite disrupts and absorbs the magic of your enemies.
Potions cannot restore your health.


Message History

The gnoll sergeant closely misses you.
Unknown command.
You hit the gnoll sergeant but do no damage.
You bite the gnoll sergeant. You drain its power.
You feel invigorated.
The gnoll sergeant is heavily wounded.
You feel sick.
You hit the gnoll sergeant but do no damage.
The gnoll sergeant looks as sick as possible!
You bite the gnoll sergeant, but do no damage.
The gnoll sergeant is severely wounded.
You feel sick. The gnoll completely misses you.
The gnoll sergeant hits you with a +0 spear of venom.
You are more poisoned.
The gnoll hits you but does no damage.
Unknown command.
You feel very sick.
You kill the gnoll sergeant!
The gnoll barely misses you. The gnoll closely misses you.
You see here a +1 quarterstaff of speed.
You hit the gnoll. You bite the gnoll! You drain its power.
You feel invigorated.
The gnoll is severely wounded.
You feel sick. The gnoll misses you.
The gnoll hits you from afar with a +0 halberd.
* * * LOW HITPOINT WARNING * * *
You hit the gnoll.
The gnoll is poisoned.
You bite the gnoll.
You kill the gnoll!
You feel sick.
Your Short Blades skill increases to level 6!
Unknown command.
You feel sick. The gnoll barely misses you.
Things that are here:
5 gold pieces; a +0 spear You feel sick.
The gnoll barely misses you.
You feel sick. The gnoll hits you with a +0 halberd!
* * * LOW HITPOINT WARNING * * *
You hit the gnoll but do no damage.
The gnoll is poisoned.
You feel sick. The gnoll hits you with a +0 halberd!
You die...
Your body crumbles into a pile of gold.

#.....)..... ....
#.....##...# ###...
......#...... ###.. ...
.........##... #...
#.###......... ... ##.#
#.#....!#.......#.
#####..#####)#.#......#..#
#.....#.[..$........
#.......))..@g......
#.......##.$........
###...#.##.)$$...... $
#..###.##.......... #
...####.##$.).....#.
..##......#........# ###
#...............
##..#..$........
#.....≈≈≈≈≈.....


You could see a gnoll (very poisoned).

Vanquished Creatures
  Pikel (D:4)
  Maggie (D:8)
  A hornet (D:5)
  Prince Ribbit (D:7)
  Menkaure (D:5)
  A water moccasin (D:6)
  Duvessa (D:4)
  2 ice beasts (D:6)
  4 sky beasts
  2 black bears
  An ogre (D:4)
  2 centaurs
  A phantom (D:5)
  2 bullfrogs
  3 necrophages
  Blork the orc (D:5)
  A gnoll sergeant (D:8)
  3 scorpions
  Dowan (D:4)
  4 howler monkeys
  2 hounds
  A gnoll bouda (D:6)
  An orc priest (D:4)
  4 orc wizards
  Natasha (twice) (D:4)
  7 iguanas
  Terence (D:3)
  6 adders
  7 gnolls
  A white imp (D:6)
  An ufetubus (D:6)
  2 worms
  4 dart slugs
  22 orcs
  4 ball pythons
  2 bat zombies (D:4)
  5 endoplasms
  5 giant cockroaches
  4 hobgoblins
  9 jackals
  5 kobolds
  7 quokkas
  4 bats
  4 frilled lizards
  11 goblins
  2 rats
  3 rat zombies (D:4)
160 creatures vanquished.

Notes
Turn   | Place    | Note
-------+----------+-------------------------------------------
     0 | D:1      | xian the Vine Stalker Enchanter began the quest for the
                  | Orb.
     0 | D:1      | Reached XP level 1. HP: 9/9 MP: 4/4
   262 | D:1      | Reached XP level 2. HP: 9/13 MP: 4/6
   262 | D:1      | Found a faded altar of an unknown god.
   266 | D:1      | Reached skill level 4 in Stealth
   275 | D:1      | Learned a level 2 spell: Ensorcelled Hibernation
   449 | D:1      | Reached skill level 1 in Short Blades
  1070 | D:2      | Reached XP level 3. HP: 16/16 MP: 7/7
  1411 | D:2      | Found an ornate altar of the Wu Jian Council.
  1663 | D:2      | Gained mutation: Your natural rate of healing is unusually
                  | fast. [Vine Stalker growth]
  1663 | D:2      | Reached XP level 4. HP: 21/21 MP: 8/8
  2041 | D:3      | Noticed Terence
  2055 | D:3      | Killed Terence
  2205 | D:3      | Identified the +2 mace of Dim Light {flame, Int+4}
  2240 | D:3      | Found a stormy altar of Qazlal.
  2951 | D:3      | Reached skill level 5 in Stealth
  2951 | D:3      | Reached XP level 5. HP: 25/25 MP: 9/9
  2971 | D:3      | Found a burning altar of Makhleb.
  2971 | D:3      | Noticed a cacodemon
  3130 | D:4      | Reached skill level 1 in Fighting
  3194 | D:4      | Reached XP level 6. HP: 30/30 MP: 10/10
  3233 | D:4      | Found a sacrificial altar of Ru.
  3639 | D:4      | Learned a level 3 spell: Confusing Touch
  3866 | D:4      | Noticed Dowan
  3867 | D:4      | Noticed Duvessa
  3880 | D:4      | HP: 1/30 [Dowan/puff of flame (10)]
  3954 | D:4      | Killed Duvessa
  3955 | D:4      | Reached skill level 6 in Stealth
  3955 | D:4      | Reached skill level 1 in Ice Magic
  3955 | D:4      | Reached XP level 7. HP: 21/34 MP: 8/12
  3969 | D:4      | Killed Dowan
  4049 | D:4      | Learned a level 3 spell: Tukima's Dance
  4277 | D:4      | Noticed Natasha
  4293 | D:4      | Killed Natasha
  4294 | D:4      | Found an ancient bone altar of Kikubaaqudgha.
  4398 | D:4      | Noticed Pikel
  4411 | D:4      | Noticed Natasha
  4436 | D:4      | Killed Pikel
  4437 | D:4      | Gained mutation: You have razor-sharp teeth. [Vine Stalker
                  | growth]
  4437 | D:4      | Reached XP level 8. HP: 28/39 MP: 8/14
  4445 | D:4      | Killed Natasha
  4563 | D:4      | Found a runed translucent gate.
  4563 | D:4      | Found a runed translucent gate.
  4563 | D:4      | Found a runed translucent gate.
  4564 | D:4      | Identified the +7 whip "Yhioneaban" {spect, Fly}
  4566 | D:4      | Noticed retardedninja's ghost (novice HOFi)
  4567 | D:4      | Identified the +0 chain mail of Plog {Str+4 Int+2}
  4716 | D:5      | Entered Level 5 of the Dungeon
  4833 | D:5      | Reached skill level 7 in Stealth
  4860 | D:5      | Noticed a hornet
  4869 | D:5      | Killed a hornet
  4898 | D:5      | Noticed Menkaure
  4917 | D:5      | Killed Menkaure
  5193 | D:5      | Noticed Blork the orc
  5202 | D:5      | Killed Blork the orc
  5203 | D:5      | Reached XP level 9. HP: 43/43 MP: 8/16
  5297 | D:5      | Found Vuugooj's Jewellery Shop.
  5318 | D:5      | You fall into a shaft and drop 3 floors!
  5326 | D:8      | Noticed Maggie
  5481 | D:7      | Found a staircase to the Ecumenical Temple.
  5552 | D:7      | Reached skill level 8 in Stealth
  5885 | D:7      | Found a sparkling altar of Nemelex Xobeh.
  5958 | D:6      | Reached skill level 5 in Dodging
  6081 | D:5      | Found a white marble altar of Elyvilon.
  6211 | D:5      | Reached skill level 5 in Short Blades
  6257 | D:5      | Found an ornate altar of the Wu Jian Council.
  6352 | D:6      | Reached skill level 9 in Stealth
  6352 | D:6      | Reached skill level 5 in Hexes
  6500 | D:6      | Found a snail-covered altar of Cheibriados.
  6507 | D:6      | Found a basalt altar of Yredelemnul.
  6656 | D:6      | Reached XP level 10. HP: 49/49 MP: 17/17
  6855 | D:6      | Found a bloodstained altar of Trog.
  7326 | D:7      | Noticed Prince Ribbit
  7333 | D:7      | Killed Prince Ribbit
  7346 | Temple   | Entered the Ecumenical Temple
  7395 | Temple   | Became a worshipper of Gozag Ym Sagoz the Greedy
  7516 | D:7      | Found an iron altar of Okawaru.
  7574 | D:7      | Reached skill level 10 in Stealth
  7620 | D:8      | Killed Maggie
  7648 | D:8      | Slain by a gnoll

Illustrated notes

Levels and vault maps discovered:
D:1:      giann_forest_graveyard, layout_loops_ring,
          hellmonk_ecumenical_altar_run_dry, nicolae_figureground_sparkle
D:2:      layout_loops_ring, basic_altar, grunt_ministairs_15,
          mrwooster_statue_mirror
D:3:      layout_basic, lemuel_round_altar, makhleb_altar_promises_db,
          serial_corexii_hall, corexii_hall_statues_t, corexii_hall_statues_s,
          uniq_terence
D:4:      layout_loops_corners, lemuel_zombie_altar_kikubaaqudgha,
          nicolae_ru_awakened_eye, biasface_ghost_orc_armoury, uniq_pikel,
          uniq_duvessa, uniq_natasha
D:5:      layout_loops_ring, mainiacjoe_overflow_cross_hatched,
          pdpol_wu_jian_five_deadly_venoms, serial_shops, shop, enter_ossuary_2,
          uniq_blork_the_orc, uniq_menkaure
D:6:      layout_loops_ring, kennysheep_mini_moat, cheibriados_altar_1,
          overflow_temple_1_default
D:7:      layout_loops_corners, kennysheep_mini, marbit_many_paths,
          minmay_temple_entry_large_hall, minmay_misc_feat_rugged,
          uniq_prince_ribbit1
D:8:      layout_rooms, mainiacjoe_overflow_alcove_4, serial_shops, shop,
          grunt_decor_junction, uniq_maggie
Temple:   hellmonk_temple_rainy

Skill      XL: |  1  2  3  4  5  6  7  8  9 10 |
---------------+-------------------------------+-----
Stealth        | 4 5 6 7 9 10 | 10.3
Short Blades   | 1 2 3 4 5 6 |  6.0
Dodging        | 2 3 4 5 |  5.9
Fighting       | 1 2 3 4 |  4.1
Ice Magic      | 1 2 3 |  3.2
Spellcasting   | 3 4 |  4.3
Hexes          | 4 5 |  5.0

Action                   |  1- 3 |  4- 6 |  7- 9 | 10-12 || total
-------------------------+-------+-------+-------+-------++-------
Melee: Dagger            |    85 |   226 |   323 |    41 ||   675
       Bite              |    18 |    66 |    94 |    15 ||   193
       Punch             |     1 |     4 |     3 |       ||     8
Throw: Boomerang         |     1 |       |       |       ||     1
 Cast: Ensorcelled Hiber |     2 |    14 |    12 |     1 ||    29
  Use: Scroll            |       |     6 |     8 |       ||    14
       Potion            |       |     1 |       |       ||     1
 Stab: Sleeping          |    10 |     7 |    17 |     3 ||    37
       Distracted        |       |       |     1 |       ||     1
Armor: Robe              |    22 |    70 |    73 |    13 ||   178
Dodge: Dodged            |    43 |   121 |   175 |    31 ||   370
